ORI
UNIVERSITY OF FLORIDA GATORS @ UNIVERSITY OF MIAMI HURRICANES
07/20/2047
 
TOP OF THE 1ST
University of Illinois Fighting Illini batting - Pitching for Pennsylvania State University Nittany Lions : LHP Justin Tidwell
Pitching: LHP Justin Tidwell
Batting: SHB Chris Handelman 0-0: Ball
1-0: Ball
2-0: Ball
3-0: Base on Balls
Batting: RHB Alejandro Collazo 0-0: Swinging Strike
0-1: Swinging Strike
0-2: Strikes out swinging
Batting: RHB Juan Vasquez 0-0: Called Strike
0-1: Foul Ball, location: 2F
0-2: Foul Ball, location: 2F
0-2: Strikes out swinging
Batting: LHB Bill Kovac 0-0: Called Strike
0-1: Foul Ball, location: 2F
0-2: Ball
1-2: Ball
2-2: Foul Ball, location: 2F
2-2: Ball
3-2: Fly out, F7 (Line Drive, 7, EV 90.0 MPH)
Top of the 1st over - 0 runs, 0 hits, 0 errors, 1 left on base; University of Illinois 0 - Pennsylvania State University 0
BOTTOM OF THE 1ST
Pennsylvania State University Nittany Lions batting - Pitching for University of Illinois Fighting Illini : RHP Nuka Storch
Pitching: RHP Nuka Storch
Batting: RHB Pete Roberts 0-0: Ball
1-0: Swinging Strike
1-1: Foul Ball, location: 2F
1-2: Ball
2-2: Foul Ball, location: 2F
2-2: Ball
3-2: Strikes out swinging
Batting: RHB Craig Alvarado 0-0: Ball
1-0: SINGLE (Line Drive, 7LS, EV 96.9 MPH)
Batting: RHB Kaoru Hamada 0-0: Ball
Craig Alvarado is caught stealing 2nd base 2-4
1-0: SOLO HOME RUN (Flyball, 7D, EV 102.5 MPH), Distance : 396 ft
Batting: SHB Glenn Harrison 0-0: Foul Ball, location: 2F
0-1: Ball
1-1: Foul Ball, location: 2F
1-2: Foul Ball, location: 2F
1-2: Foul Ball, location: 2F
1-2: Fly out, F7 (Line Drive, 7D, EV 92.5 MPH)
Bottom of the 1st over - 1 run, 2 hits, 0 errors, 0 left on base; University of Illinois 0 - Pennsylvania State University 1
TOP OF THE 2ND
University of Illinois Fighting Illini batting - Pitching for Pennsylvania State University Nittany Lions : LHP Justin Tidwell
Batting: LHB Fumito Sakurai 0-0: Ball
1-0: Ball
2-0: Ball
3-0: Called Strike
3-1: Foul Ball, location: 2F
3-2: Base on Balls
Batting: LHB Hector Acosta 0-0: Called Strike
0-1: Fielders Choice at 2nd, 6-4 (Groundball, 6, EV 80.0 MPH)
Batting: LHB Andrew Barzee 0-0: Ball
1-0: Fielders Choice at 2nd, 1-4 (Groundball, 15S, EV 67.5 MPH)
Batting: LHB Yashiya Nakata 0-0: Ball
1-0: Foul Ball, location: 2F
1-1: SINGLE (Groundball, 56D, EV 101.2 MPH)
Andrew Barzee to second
Runner from 2nd tries for 3rd, SAFE, no throw by LF
Batting: LHB Clint Hanninen 0-0: Ground out 4-3 (Groundball, 34, EV 89.4 MPH)
Top of the 2nd over - 0 runs, 1 hit, 0 errors, 2 left on base; University of Illinois 0 - Pennsylvania State University 1
BOTTOM OF THE 2ND
Pennsylvania State University Nittany Lions batting - Pitching for University of Illinois Fighting Illini : RHP Nuka Storch
Batting: RHB Franklin van den Berg 0-0: Called Strike
0-1: Called Strike
0-2: Ball
1-2: Ball
2-2: Ground out 1-3 (Groundball, 34S, EV 60.6 MPH)
Batting: RHB Winston Vasquez 0-0: Called Strike
0-1: Called Strike
0-2: Ball
1-2: Foul Ball, location: 2F
1-2: Ball
2-2: Ball
3-2: Fly out, F8 (Line Drive, 8LS, EV 95.0 MPH)
Batting: LHB Josh Lane 0-0: Ball
1-0: Ball
2-0: Ball
3-0: Base on Balls
Batting: LHB Alex Morales 0-0: Called Strike
0-1: Foul Ball, location: 2F
0-2: Strikes out swinging
Bottom of the 2nd over - 0 runs, 0 hits, 0 errors, 1 left on base; University of Illinois 0 - Pennsylvania State University 1
TOP OF THE 3RD
University of Illinois Fighting Illini batting - Pitching for Pennsylvania State University Nittany Lions : LHP Justin Tidwell
Batting: SHB Chris Handelman 0-0: Ball
1-0: Foul Ball, location: 2F
1-1: Fly out, F9 (Flyball, 89S, EV 89.4 MPH)
Batting: RHB Alejandro Collazo 0-0: Ball
1-0: TRIPLE (Flyball, 89XD, EV 104.4 MPH)
Batting: RHB Juan Vasquez 0-0: Fly out, F8 (Flyball, 8LM, EV 90.6 MPH)
Runner from 3rd tags up, OUT at HOME! 8-2
Top of the 3rd over - 0 runs, 1 hit, 0 errors, 0 left on base; University of Illinois 0 - Pennsylvania State University 1
BOTTOM OF THE 3RD
Pennsylvania State University Nittany Lions batting - Pitching for University of Illinois Fighting Illini : RHP Nuka Storch
Batting: RHB Klaus Brown 0-0: DOUBLE (Line Drive, 89M, EV 99.4 MPH)
Batting: RHB Pete Roberts 0-0: Ball
1-0: Ball
2-0: Ball
3-0: Called Strike
3-1: Swinging Strike
3-2: Foul Ball, location: 2F
3-2: Strikes out swinging
Batting: RHB Craig Alvarado 0-0: Called Strike
0-1: Foul Ball, location: 2F
0-2: Ball
1-2: SINGLE (Flyball, 34D, EV 85.6 MPH)
Klaus Brown to third
Batting: RHB Kaoru Hamada 0-0: Fielders Choice at 2nd, 2-4 (Groundball, 2L, EV 73.8 MPH)
Batting: SHB Glenn Harrison 0-0: Called Strike
0-1: Ball
1-1: Foul Ball, location: 2F
1-2: Ball
2-2: Strikes out swinging
Bottom of the 3rd over - 0 runs, 2 hits, 0 errors, 2 left on base; University of Illinois 0 - Pennsylvania State University 1
TOP OF THE 4TH
University of Illinois Fighting Illini batting - Pitching for Pennsylvania State University Nittany Lions : LHP Justin Tidwell
Batting: LHB Bill Kovac 0-0: Ball
1-0: Called Strike
1-1: Ball
2-1: Swinging Strike
2-2: Ground out 4-3 (Groundball, 4, EV 83.1 MPH)
Batting: LHB Fumito Sakurai 0-0: Ball
1-0: Foul Ball, location: 2F
1-1: Ball
2-1: Called Strike
2-2: Fly out, F5 (Popup, 5F, EV 55.0 MPH)
Batting: LHB Hector Acosta 0-0: Fly out, F9 (Flyball, 9LM, EV 95.0 MPH)
Top of the 4th over - 0 runs, 0 hits, 0 errors, 0 left on base; University of Illinois 0 - Pennsylvania State University 1
BOTTOM OF THE 4TH
Pennsylvania State University Nittany Lions batting - Pitching for University of Illinois Fighting Illini : RHP Nuka Storch
Batting: RHB Franklin van den Berg 0-0: Ground out 5-3 (Groundball, 5S, EV 79.4 MPH)
Batting: RHB Winston Vasquez 0-0: Ball
1-0: Swinging Strike
1-1: Ball
2-1: Ground out 6-3 (Groundball, 6, EV 79.4 MPH)
Batting: LHB Josh Lane 0-0: Ball
1-0: Ground out 6-3 (Groundball, 6M, EV 97.5 MPH)
Bottom of the 4th over - 0 runs, 0 hits, 0 errors, 0 left on base; University of Illinois 0 - Pennsylvania State University 1
TOP OF THE 5TH
University of Illinois Fighting Illini batting - Pitching for Pennsylvania State University Nittany Lions : LHP Justin Tidwell
Pitching: RHP Reginald Larnach
Now at 1B: Peter Turcotte
Now in CF: Glenn Harrison
Now in RF: Jesus Resendez
Batting: LHB Andrew Barzee 0-0: Called Strike
0-1: Swinging Strike
0-2: Ball
1-2: Foul Ball, location: 2F
1-2: Foul Ball, location: 2F
1-2: Ball
2-2: Foul Ball, location: 2F
2-2: Foul Ball, location: 2F
2-2: Ball
3-2: Foul Ball, location: 2F
3-2: Strikes out swinging
Batting: LHB Yashiya Nakata 0-0: Called Strike
0-1: Ball
1-1: Foul Ball, location: 2F
1-2: Strikes out swinging
Batting: LHB Clint Hanninen 0-0: Ball
1-0: Foul Ball, location: 2F
1-1: Ball
2-1: Fly out, F7 (Flyball, 78S, EV 91.9 MPH)
Top of the 5th over - 0 runs, 0 hits, 0 errors, 0 left on base; University of Illinois 0 - Pennsylvania State University 1
BOTTOM OF THE 5TH
Pennsylvania State University Nittany Lions batting - Pitching for University of Illinois Fighting Illini : RHP Nuka Storch
Now at C: Adrian Segovia
Now at 1B: Ismael Vega
Batting: LHB Alex Morales 0-0: Ball
1-0: Foul Ball, location: 2F
1-1: Foul Ball, location: 2F
1-2: Fly out, F8 (Flyball, 8RD, EV 91.9 MPH)
Batting: RHB Klaus Brown 0-0: DOUBLE (Line Drive, 78D, EV 97.5 MPH)
Batting: RHB Peter Turcotte 0-0: Called Strike
0-1: Ball
1-1: Swinging Strike
1-2: Foul Ball, location: 2F
1-2: Foul Ball, location: 2F
1-2: Fly out, F8 (Flyball, 8LS, EV 96.2 MPH)
Batting: RHB Craig Alvarado 0-0: Called Strike
0-1: Ball
1-1: Foul Ball, location: 2F
1-2: Strikes out looking
Bottom of the 5th over - 0 runs, 1 hit, 0 errors, 1 left on base; University of Illinois 0 - Pennsylvania State University 1
TOP OF THE 6TH
University of Illinois Fighting Illini batting - Pitching for Pennsylvania State University Nittany Lions : RHP Reginald Larnach
Now at C: Bobby Lozada
Now at 2B: Keith Ashton
Now in CF: Oscar Barahona
Batting: SHB Chris Handelman 0-0: DOUBLE (Line Drive, 78D, EV 108.1 MPH)
Batting: RHB Alejandro Collazo 0-0: Called Strike
Balk!
Chris Handelman to third
0-1: Ball
Wild Pitch!
Chris Handelman scores
1-1: Ball
2-1: Foul Ball, location: 2F
2-2: Foul Ball, location: 2F
2-2: Foul Ball, location: 2F
2-2: Foul Ball, location: 2F
2-2: Fly out, F8 (Flyball, 8RD, EV 103.8 MPH)
Batting: RHB Adrian Segovia 0-0: Ball
1-0: Ball
2-0: Called Strike
2-1: Called Strike
2-2: Ball
3-2: Base on Balls
Pitching: RHP Carsten Kosters
Pinch Hitting: RHB Cody Leonard 0-0: Ball
1-0: Called Strike
1-1: Swinging Strike
1-2: Ball
2-2: Strikes out swinging
Pinch Hitting: LHB Javy Rueda 0-0: Ball
1-0: Ball
2-0: Called Strike
2-1: Foul Ball, location: 2F
2-2: Foul Ball, location: 2F
2-2: Ball
3-2: Strikes out swinging
Top of the 6th over - 1 run, 1 hit, 0 errors, 1 left on base; University of Illinois 1 - Pennsylvania State University 1
BOTTOM OF THE 6TH
Pennsylvania State University Nittany Lions batting - Pitching for University of Illinois Fighting Illini : RHP Nuka Storch
Pitching: RHP Kyle Storey
Now in CF: Cody Leonard
Now in RF: Javy Rueda
Batting: RHB Jesus Resendez 0-0: Ball
1-0: Foul Ball, location: 2F
1-1: Ball
2-1: Called Strike
2-2: Foul Ball, location: 2F
2-2: Ball
3-2: Ground out 4-3 (Groundball, 4, EV 85.0 MPH)
Batting: SHB Oscar Barahona 0-0: Foul Ball, location: 2F
0-1: Swinging Strike
0-2: Ground out U3 (Groundball, 34S, EV 80.6 MPH)
Batting: RHB Keith Ashton 0-0: Called Strike
0-1: Ball
1-1: Ball
2-1: Ball
3-1: Called Strike
3-2: Base on Balls
Batting: RHB Bobby Lozada 0-0: Ball
1-0: Ball
2-0: Ball
3-0: Base on Balls
Keith Ashton to second
Pinch Hitting: RHB Jesse Sargent 0-0: Ball
1-0: Ball
2-0: Ball
3-0: Base on Balls
Keith Ashton to third
Bobby Lozada to second
Pinch Hitting: LHB Oscar Rivera 0-0: Ball
1-0: Swinging Strike
1-1: Ground out 4-3 (Groundball, 34D, EV 102.5 MPH)
Bottom of the 6th over - 0 runs, 0 hits, 0 errors, 3 left on base; University of Illinois 1 - Pennsylvania State University 1
TOP OF THE 7TH
University of Illinois Fighting Illini batting - Pitching for Pennsylvania State University Nittany Lions : RHP Carsten Kosters
Pitching: RHP Mike Watkins
Now at 3B: Bernie Benavides
Now in LF: Elijah Mallandain
Batting: LHB Hector Acosta 0-0: Ball
1-0: Ball
2-0: Ground out U3 (Groundball, 3L, EV 85.6 MPH)
Batting: SHB Ismael Vega 0-0: SINGLE (Groundball, 56D, EV 102.5 MPH)
Batting: RHB Paul Pastrano 0-0: Ball
1-0: Ball
2-0: Foul Ball, location: 2F
2-1: Called Strike
2-2: Foul Ball, location: 2F
2-2: Grounds into double play, 6-4-3 (Groundball, 6, EV 108.1 MPH)
Top of the 7th over - 0 runs, 1 hit, 0 errors, 0 left on base; University of Illinois 1 - Pennsylvania State University 1
BOTTOM OF THE 7TH
Pennsylvania State University Nittany Lions batting - Pitching for University of Illinois Fighting Illini : RHP Kyle Storey
Pitching: RHP Aaron Andrei
Batting: RHB Fernando Membreno 0-0: Called Strike
0-1: Ball
1-1: Ball
2-1: Foul Ball, location: 2F
2-2: Ball
3-2: Foul Ball, location: 2F
3-2: Foul Ball, location: 2F
3-2: Base on Balls
Batting: RHB Peter Turcotte 0-0: Ball
1-0: Fielders Choice at 2nd, 4-6 (Groundball, 4, EV 88.8 MPH)
Pinch Hitting: RHB John Hopkins 0-0: Ball
Peter Turcotte is caught stealing 2nd base 2-4
1-0: Called Strike
1-1: Called Strike
1-2: Ball
2-2: Foul Ball, location: 2F
2-2: Ball
3-2: Foul Ball, location: 2F
3-2: Strikes out looking
Bottom of the 7th over - 0 runs, 0 hits, 0 errors, 0 left on base; University of Illinois 1 - Pennsylvania State University 1
TOP OF THE 8TH
University of Illinois Fighting Illini batting - Pitching for Pennsylvania State University Nittany Lions : RHP Mike Watkins
Pitching: RHP D.J. Ganz
Now at 1B: Ding-bong Zhào
Now at SS: Leo Roldan
Batting: LHB Clint Hanninen 0-0: Foul Ball, location: 2F
0-1: Swinging Strike
0-2: Strikes out swinging
Batting: SHB Chris Handelman 0-0: Hit by Pitch
Batting: RHB Alejandro Collazo 0-0: Ball
1-0: Swinging Strike
1-1: Called Strike
1-2: Ball
2-2: Strikes out looking
Batting: RHB Adrian Segovia 0-0: Ball
1-0: Foul Ball, location: 2F
1-1: Ball
2-1: Ball
3-1: Called Strike
3-2: Strikes out swinging
Top of the 8th over - 0 runs, 0 hits, 0 errors, 1 left on base; University of Illinois 1 - Pennsylvania State University 1
BOTTOM OF THE 8TH
Pennsylvania State University Nittany Lions batting - Pitching for University of Illinois Fighting Illini : RHP Aaron Andrei
Pitching: RHP Juan Gutierrez
Pinch Hitting: RHB Roberto Medina 0-0: Ball
1-0: Foul Ball, location: 2F
1-1: Ball
2-1: Ball
3-1: Base on Balls
Batting: SHB Oscar Barahona 0-0: Foul Ball, location: 2F
0-1: Fly out, F8 (Flyball, 8LXD, EV 102.5 MPH)
Batting: RHB Keith Ashton 0-0: Fielders Choice at 2nd, 6-4 (Groundball, 6, EV 83.1 MPH)
Batting: RHB Bobby Lozada 0-0: Ball
1-0: Ball
2-0: Foul Ball, location: 2F
2-1: Called Strike
2-2: Ball
3-2: Base on Balls
Keith Ashton to second
Batting: LHB Elijah Mallandain 0-0: Ground out 5-3 (Groundball, 56S, EV 78.8 MPH)
Bottom of the 8th over - 0 runs, 0 hits, 0 errors, 2 left on base; University of Illinois 1 - Pennsylvania State University 1
TOP OF THE 9TH
University of Illinois Fighting Illini batting - Pitching for Pennsylvania State University Nittany Lions : RHP D.J. Ganz
Pitching: LHP Frank Hopkins
Now in RF: Isaiah Heath
Batting: RHB Cody Leonard 0-0: Ball
1-0: Ball
2-0: Ball
3-0: Base on Balls
Batting: LHB Javy Rueda 0-0: Fly out, F5 (Popup, 56S, EV 77.5 MPH)
Batting: LHB Hector Acosta 0-0: Ball
1-0: Ball
2-0: Ball
3-0: Fielders Choice at 2nd, 4-6 (Groundball, 4, EV 78.1 MPH)
Batting: SHB Ismael Vega 0-0: Called Strike
0-1: Called Strike
0-2: Ball
1-2: Strikes out swinging
Top of the 9th over - 0 runs, 0 hits, 0 errors, 1 left on base; University of Illinois 1 - Pennsylvania State University 1
BOTTOM OF THE 9TH
Pennsylvania State University Nittany Lions batting - Pitching for University of Illinois Fighting Illini : RHP Juan Gutierrez
Pitching: RHP Euan Irvine
Batting: RHB Bernie Benavides 0-0: Ball
1-0: Called Strike
1-1: Called Strike
1-2: Ground out 6-3 (Groundball, 6, EV 87.5 MPH)
Batting: RHB Fernando Membreno 0-0: Fly out, F8 (Flyball, 8LM, EV 75.0 MPH)
Batting: RHB Leo Roldan 0-0: Called Strike
0-1: Foul Ball, location: 2F
0-2: Ball
1-2: Ball
2-2: Ground out 6-3 (Groundball, 6M, EV 91.2 MPH)
Bottom of the 9th over - 0 runs, 0 hits, 0 errors, 0 left on base; University of Illinois 1 - Pennsylvania State University 1
TOP OF THE 10TH
University of Illinois Fighting Illini batting - Pitching for Pennsylvania State University Nittany Lions : LHP Frank Hopkins
Pitching: RHP Dave Boudreaux
Batting: SHB Miguel Perez 0-0: Ball
1-0: TRIPLE (Flyball, 78XD, EV 93.8 MPH)
Batting: LHB Clint Hanninen 0-0: Ball
1-0: Swinging Strike
1-1: Foul Ball, location: 2F
1-2: Strikes out swinging
Batting: SHB Chris Handelman 0-0: Foul Ball, location: 2F
0-1: TRIPLE (Flyball, 9LD, EV 99.4 MPH)
Miguel Perez scores
Batting: RHB Alejandro Collazo 0-0: Intentional Walk
Pinch Hitting: RHB Mustafa bin Gamali 0-0: Fly out, F7 (Flyball, 78M, EV 98.1 MPH)
Runner from 3rd tags up, SCORES, throw by LF
Batting: RHB Cody Leonard 0-0: Ball
1-0: Called Strike
1-1: Ball
2-1: Called Strike
2-2: Ball
3-2: Base on Balls
Alejandro Collazo to second
Batting: LHB Javy Rueda 0-0: Swinging Strike
0-1: Ball
1-1: Ball
2-1: Called Strike
2-2: Foul Ball, location: 2F
2-2: Foul Ball, location: 2F
2-2: Strikes out swinging
Top of the 10th over - 2 runs, 2 hits, 0 errors, 2 left on base; University of Illinois 3 - Pennsylvania State University 1
BOTTOM OF THE 10TH
Pennsylvania State University Nittany Lions batting - Pitching for University of Illinois Fighting Illini : RHP Euan Irvine
Now at C: Mustafa bin Gamali
Batting: RHB Ding-bong Zhào 0-0: Ball
1-0: Foul Ball, location: 2F
1-1: Swinging Strike
1-2: SINGLE (Line Drive, 56D, EV 98.1 MPH)
Batting: RHB Isaiah Heath 0-0: 2-RUN HOME RUN (Flyball, 7D, EV 107.5 MPH), Distance : 412 ft
Batting: SHB Oscar Barahona 0-0: Ball
1-0: Ball
2-0: Called Strike
2-1: Ball
3-1: Base on Balls
Pitching: RHP Gustavo Garza
Pinch Hitting: RHB Mike Smith 0-0: Called Strike
0-1: Ball
1-1: Foul Ball, location: 2F
1-2: Ball
2-2: Grounds into double play, 4-6-3 (Groundball, 4, EV 104.4 MPH)
Pinch Hitting: LHB Matt Ellington 0-0: Ball
1-0: Ball
2-0: Called Strike
2-1: Ball
3-1: Swinging Strike
3-2: Strikes out swinging
Bottom of the 10th over - 2 runs, 2 hits, 0 errors, 0 left on base; University of Illinois 3 - Pennsylvania State University 3
TOP OF THE 11TH
University of Illinois Fighting Illini batting - Pitching for Pennsylvania State University Nittany Lions : RHP Dave Boudreaux
Pitching: RHP Jerry Romero
Now at C: David Olivarez
Now at 2B: Mike Smith
Batting: LHB Hector Acosta 0-0: Foul Ball, location: 2F
0-1: Fly out, F7 (Flyball, 78S, EV 90.0 MPH)
Batting: SHB Ismael Vega 0-0: Called Strike
0-1: Foul Ball, location: 2F
0-2: Strikes out looking
Batting: SHB Miguel Perez 0-0: Called Strike
0-1: Called Strike
0-2: Ball
1-2: Ground out 4-3 (Groundball, 4, EV 83.1 MPH)
Top of the 11th over - 0 runs, 0 hits, 0 errors, 0 left on base; University of Illinois 3 - Pennsylvania State University 3
BOTTOM OF THE 11TH
Pennsylvania State University Nittany Lions batting - Pitching for University of Illinois Fighting Illini : RHP Gustavo Garza
Pinch Hitting: RHB Alfredo Padilla 0-0: Swinging Strike
0-1: Ball
1-1: SINGLE (Groundball, 34D, EV 97.5 MPH)
Batting: RHB Bernie Benavides 0-0: Called Strike
0-1: Foul Ball, location: 2F
0-2: Grounds into double play, 6-4-3 (Groundball, 56, EV 90.6 MPH)
Batting: RHB Jake Garza 0-0: Called Strike
0-1: Called Strike
0-2: Ball
1-2: Ball
2-2: Ground out 4-3 (Groundball, 4, EV 109.4 MPH)
Bottom of the 11th over - 0 runs, 1 hit, 0 errors, 0 left on base; University of Illinois 3 - Pennsylvania State University 3
TOP OF THE 12TH
University of Illinois Fighting Illini batting - Pitching for Pennsylvania State University Nittany Lions : RHP Jerry Romero
Pitching: RHP Carmem Bonnet
Now in LF: Johnny Healey
Batting: LHB Clint Hanninen 0-0: Called Strike
0-1: Swinging Strike
0-2: Foul Ball, location: 2F
0-2: Strikes out swinging
Batting: SHB Chris Handelman 0-0: Ball
1-0: Ball
2-0: Ball
3-0: Called Strike
3-1: Called Strike
3-2: Foul Ball, location: 2F
3-2: Fly out, F8 (Flyball, 8RD, EV 103.1 MPH)
Batting: RHB Alejandro Collazo 0-0: Ball
1-0: SINGLE (Line Drive, 5D, EV 95.6 MPH)
Batting: RHB Mustafa bin Gamali 0-0: Called Strike
0-1: Ball
1-1: Ball
2-1: Called Strike
2-2: Ground out 4-3 (Groundball, 4, EV 97.5 MPH)
Top of the 12th over - 0 runs, 1 hit, 0 errors, 1 left on base; University of Illinois 3 - Pennsylvania State University 3
BOTTOM OF THE 12TH
Pennsylvania State University Nittany Lions batting - Pitching for University of Illinois Fighting Illini : RHP Gustavo Garza
Pinch Hitting: RHB David Dye 0-0: Ball
1-0: Ball
2-0: Ball
3-0: Called Strike
3-1: Swinging Strike
3-2: Foul Ball, location: 2F
3-2: Base on Balls
Batting: RHB Ding-bong Zhào 0-0: Foul Ball, location: 2F
0-1: Swinging Strike
0-2: Foul Ball, location: 2F
0-2: Strikes out looking
Batting: RHB Isaiah Heath 0-0: Ball
1-0: Called Strike
1-1: Fly out, F8 (Flyball, 8RM, EV 96.2 MPH)
Batting: SHB Oscar Barahona 0-0: Swinging Strike
0-1: Called Strike
0-2: Foul Ball, location: 2F
0-2: Foul Ball, location: 2F
0-2: Ball
1-2: Strikes out looking
Bottom of the 12th over - 0 runs, 0 hits, 0 errors, 1 left on base; University of Illinois 3 - Pennsylvania State University 3
TOP OF THE 13TH
University of Illinois Fighting Illini batting - Pitching for Pennsylvania State University Nittany Lions : RHP Carmem Bonnet
Pitching: LHP Dan Cunningham
Now at SS: David Dye
Batting: RHB Cody Leonard 0-0: Called Strike
0-1: Called Strike
0-2: Strikes out swinging
Batting: LHB Javy Rueda 0-0: Called Strike
0-1: Swinging Strike
0-2: Ball
1-2: Ball
2-2: Foul Ball, location: 2F
2-2: Foul Ball, location: 2F
2-2: Foul Ball, location: 2F
2-2: Strikes out swinging
Batting: LHB Hector Acosta 0-0: Ball
1-0: Fly out, F8 (Line Drive, 8RM, EV 85.0 MPH)
Top of the 13th over - 0 runs, 0 hits, 0 errors, 0 left on base; University of Illinois 3 - Pennsylvania State University 3
BOTTOM OF THE 13TH
Pennsylvania State University Nittany Lions batting - Pitching for University of Illinois Fighting Illini : RHP Gustavo Garza
Batting: RHB Mike Smith 0-0: Called Strike
0-1: SINGLE (Groundball, 5L, EV 81.9 MPH) (infield hit)
Batting: RHB David Olivarez 0-0: Ball
1-0: Called Strike
1-1: Swinging Strike
1-2: SINGLE (Line Drive, 9S, EV 103.1 MPH)
Mike Smith to second
Batting: RHB Johnny Healey 0-0: Ball
1-0: Ball
2-0: Swinging Strike
2-1: Called Strike
2-2: Foul Ball, location: 2F
2-2: Ball
3-2: Strikes out swinging
Batting: RHB Bernie Benavides 0-0: SINGLE (Groundball, 6MD, EV 100.0 MPH)
Mike Smith to third
David Olivarez to second
Batting: SHB Shane Howe 0-0: Ball
1-0: Ball
2-0: Ball
3-0: Swinging Strike
3-1: Called Strike
3-2: GRAND SLAM HOME RUN (Flyball, 78XD, EV 115.0 MPH), Distance : 454 ft
Bottom of the 13th over - 4 runs, 4 hits, 0 errors, 0 left on base; University of Illinois 3 - Pennsylvania State University 7
Thursday, December 15th , 2022 - OOTP Baseball 23.9 Build 102